 Dungeon Crawl Stone Soup version 0.23.2-1-ga50397a6bc (webtiles) character file.

Game seed: 7294326621075084408

147 Ethylacetat the Firebug (level 5, 0/42 HPs)
             Began as a Naga Fire Elementalist on Apr 29, 2019.
             Slain by a gnoll (7 damage)
             ... on level 2 of the Dungeon.
             The game lasted 00:05:02 (1369 turns).

Ethylacetat the Firebug (Naga Fire Elementalist)    Turns: 1369, Time: 00:05:03

Health: 0/42       AC:  2    Str: 10    XL:     5   Next: 29%
Magic:  0/9        EV: 10    Int: 17    God:
Gold:   101        SH:  0    Dex:  9    Spells: 8/9 levels left

rFire    . . .     SeeInvis +   (no weapon)
rCold    . . .     Gourm    .   (no shield)
rNeg     . . .     Faith    .   a - +0 robe
rPois    +         Spirit   .   (no helmet)
rElec    .         Reflect  .   (no cloak)
rCorr    .         Harm     .   (no gloves)
MR       +....                  (no barding)
Stlth    ++........             (no amulet)
HPRegen  0.14/turn              (no ring)
MPRegen  0.11/turn              (no ring)

@: lethally poisoned (0 -> -1), short of breath, very slow
A: large, see invisible, clumsy 1, deformed body, magic resistance 1, poison
resistance, slowness 2, slow metabolism 1, spit poison 1, AC +1
a: Spit Poison


You were on level 2 of the Dungeon.
You were hungry.

You visited 1 branch of the dungeon, and saw 2 of its levels.

You collected 101 gold pieces.

Inventory:

Armour
 a - a +0 robe (worn)
Scrolls
 d - a scroll of magic mapping {unknown}
 e - 2 scrolls of identify {unknown}
 g - a scroll of enchant armour {unknown}
 h - a scroll of amnesia {unknown}
 i - 2 scrolls of teleportation {unknown}
Potions
 j - a potion of might {unknown}
Comestibles
 c - 4 rations
 f - a chunk of flesh


   Skills:
 - Level 1.5 Dodging
 - Level 3.0 Stealth
 + Level 2.9 Spellcasting
 + Level 2.5 Conjurations
 * Level 4.6 Fire Magic


You had 8 spell levels left.
You knew the following spells:

 Your Spells              Type           Power        Failure   Level  Hunger
a - Flame Tongue          Conj/Fire      ##...        4%          1    None

Your spell library contained the following spells:

 Spells                   Type           Power        Failure   Level  Hunger
 Throw Flame              Conj/Fire      ##....       6%          2    ##.....
 Conjure Flame            Conj/Fire      ##......     12%         3    ###....
 Inner Flame              Hex/Fire       ##......     21%         3    ###....
 Sticky Flame             Conj/Fire      ##......     38%         4    ####...
 Fireball                 Conj/Fire      ##........   75%         5    ######.


Dungeon Overview and Level Annotations

Branches:
Dungeon (2/15)

Altars:


Innate Abilities, Weirdness & Mutations

You cannot wear boots.
Your serpentine skin is tough. (AC +1)
You have supernaturally acute eyesight. (SInv)
Armour fits poorly on your strangely shaped body.
Your system is resistant to poisons. (rPois)
You cover ground very slowly.
You have a slow metabolism.
You can spit poison.
You are clumsy. (Dex -2)
You are resistant to hostile enchantments. (MR+)


Message History

The gnoll hits you.
You barely miss the gnoll.
The gnoll is severely wounded.
You have got your breath back.
The gnoll hits you.
You hit the gnoll but do no damage.
The gnoll is severely wounded.
The gnoll hits you!
* * * LOW HITPOINT WARNING * * *
Press: ? - help, Shift-Dir - straight line, f/p - gnoll
Aim: a gnoll (severely wounded)
The splash of poison hits the gnoll.
The gnoll is severely wounded.
You feel slightly more hungry.
You feel sick. The gnoll hits you.
* * * LOW HITPOINT WARNING * * *
It was a potion of mutation.
You feel extremely strange.
You feel clumsy.
You feel resistant to hostile enchantments.
The gnoll hits you!
You die...

.##.# #.# ....# #.# ###.#
#.# .##.#####.#
.##.......#
.......############
.###.............. .#
.........).......# .#
.###...###.#####@# .#
.###...# #.# ##g##.#
.......# #.# ##.lg#.#
.......###.###....).# #
...........##.......###...
###..#.##.......(..>)...g.
#..#.##.###.......#.##.#
#..#.##. ##......#.#
#..#.....# ##...#.# #


You could see 2 gnolls and a frilled lizard.

Vanquished Creatures
  An ogre (D:2)
  2 gnolls (D:2)
  An adder (D:2)
  2 worms (D:2)
  A dart slug (D:1)
  A leopard gecko (D:1)
  4 bats
  2 giant cockroaches (D:1)
  4 goblins
  4 hobgoblins
  2 jackals (D:2)
  A kobold (D:2)
  3 frilled lizards (D:1)
  3 rats (D:1)
31 creatures vanquished.

Notes
Turn   | Place    | Note
-------+----------+-------------------------------------------
     0 | D:1      | Ethylacetat the Naga Fire Elementalist began the quest for
                  | the Orb.
     0 | D:1      | Reached XP level 1. HP: 15/15 MP: 3/3
   210 | D:1      | Reached XP level 2. HP: 22/22 MP: 5/5
   703 | D:2      | Reached XP level 3. HP: 7/28 MP: 0/6
  1326 | D:2      | Noticed an ogre
  1340 | D:2      | Killed an ogre
  1340 | D:2      | Reached skill level 4 in Fire Magic
  1340 | D:2      | Reached XP level 4. HP: 36/36 MP: 4/8
  1340 | D:2      | Reached XP level 5. HP: 42/42 MP: 4/9
  1369 | D:2      | Gained mutation: You are clumsy. (Dex -2) [potion of
                  | mutation]
  1369 | D:2      | Gained mutation: You are resistant to hostile enchantments.
                  | (MR+) [potion of mutation]
  1369 | D:2      | Slain by a gnoll

Skill      XL: |  1  2  3 |
---------------+----------+-----
Conjurations   | 2 |  2.5
Fire Magic     | 4 |  4.6
Dodging        | |  1.5
Stealth        | |  3.0
Spellcasting   | |  2.9

Action                   |  1- 3 |  4- 6 || total
-------------------------+-------+-------++-------
Melee: Unarmed           |    17 |    10 ||    27
 Cast: Flame Tongue      |    26 |     8 ||    34
 Abil: Spit Poison       |    26 |     5 ||    31
  Use: Potion            |       |     1 ||     1
  Eat: Chunk             |     2 |       ||     2
Armor: Robe              |     2 |     1 ||     3
Dodge: Dodged            |    21 |     9 ||    30
